 Dungeon Crawl Stone Soup version 0.22-a0-609-gfedc9ff (webtiles) character file.

88 kae the Skirmisher (level 4, -4/40 HPs)
             Began as a Minotaur Fighter on July 10, 2018.
             Slain by an orc priest
             ... wielding a +0 war axe
              (11 damage)
             ... on level 3 of the Dungeon.
             The game lasted 00:00:51 (1691 turns).

kae the Skirmisher (Minotaur Fighter)               Turns: 1691, Time: 00:00:51

Health: -4/40      AC:  7    Str: 26 (27) XL:     4   Next: 30%
Magic:  3/3        EV:  8    Int:  7 (10) God:
Gold:   119        SH:  9    Dex:  6 (9)  Spells: 3/3 levels left

rFire    . . .     SeeInvis .   a - +0 flail
rCold    . . .     Gourm    .   c - +0 shield
rNeg     . . .     Faith    .   b - +0 scale mail
rPois    .         Spirit   .   (helmet restricted)
rElec    .         Reflect  .   q - scarf {cloud immunity}
rCorr    .         Harm     .   (no gloves)
MR       .....                  (no boots)
Stlth    ..........             (no amulet)
HPRegen  0.13/turn              (no ring)
MPRegen  0.08/turn              (no ring)

@: mighty, brilliant, very slightly contaminated, invisible
A: retaliatory headbutt, horns 2
a: no special abilities


You were on level 3 of the Dungeon.
You were very hungry.

You visited 1 branch of the dungeon, and saw 3 of its levels.

You collected 119 gold pieces.

Inventory:

Hand Weapons
 a - a +0 flail (weapon)
Armour
 b - a +0 scale mail (worn)
 c - a +0 shield (worn)
 p - a +0 cloak
 q - a scarf of cloud immunity (worn)
Jewellery
 k - an uncursed ring of ice {unknown}
 l - a cursed ring of loudness {unknown}
Scrolls
 e - 2 scrolls of blinking {unknown}
 g - 4 scrolls of teleportation {unknown}
 h - a scroll of fog {unknown}
 j - a scroll of remove curse {unknown}
 m - a scroll of noise {unknown}
 n - 2 scrolls of identify {unknown}
Potions
 d - a potion of might
Comestibles
 f - 6 rations


   Skills:
 + Level 4.3 Fighting
 * Level 4.0 Maces & Flails
 + Level 4.2 Armour
 + Level 1.6 Dodging
 - Level 3.6 Shields


You had 3 spell levels left.
You didn't know any spells.
Your spell library was empty.

Dungeon Overview and Level Annotations

Branches:
Dungeon (3/15)

Altars:
Qazlal


Innate Abilities, Weirdness & Mutations

You reflexively headbutt those who attack you in melee.
You have a pair of horns on your head.


Message History

You furiously retaliate!
You headbutt the orc. Something hits you but does no damage.
It was a potion of invisibility.
You fade into invisibility!
The orc hits you but does no damage. Something hits you but does no damage.
You are very lightly contaminated with residual magic.
It was a potion of brilliance.
You feel clever all of a sudden. You block the orc priest's attack.
The orc barely misses you. You furiously retaliate!
You headbutt the orc!
You kill the orc!
You block something's attack.
It was a potion of degeneration.
There was something very wrong with that liquid.
You feel weakened.
You feel dopey.
You feel clumsy. The orc priest closely misses you.
You hear some strange, mumbled words.
Something tries to affect you, but you resist.
You closely miss something. The orc priest hits you with a war axe!
You die...

#.........
#...?.....
#<........
#..)......
##.........
#.......###
#.......#
#{##+####
#@#
......o[#
......###
......
#####


You could see an orc priest.

Vanquished Creatures
  Jessica (D:2)
  2 adders (D:2)
  An ooze (D:1)
  A worm (D:2)
  6 orcs (D:3)
  3 bats (D:1)
  A giant cockroach (D:2)
  7 goblins
  2 hobgoblins
  A quokka (D:2)
  2 frilled lizards
  5 kobolds
  A rat (D:1)
33 creatures vanquished.

Notes
Turn   | Place    | Note
-------+----------+-------------------------------------------
     0 | D:1      | kae the Minotaur Fighter began the quest for the Orb.
     0 | D:1      | Reached XP level 1. HP: 19/19 MP: 0/0
   610 | D:1      | Reached XP level 2. HP: 27/27 MP: 1/1
   926 | D:2      | Reached skill level 1 in Dodging
  1231 | D:2      | Reached XP level 3. HP: 29/33 MP: 2/2
  1265 | D:2      | Found a stormy altar of Qazlal.
  1400 | D:2      | Noticed Jessica
  1407 | D:2      | Killed Jessica
  1407 | D:2      | Reached XP level 4. HP: 38/40 MP: 3/3
  1691 | D:3      | Slain by an orc priest

Vault maps used:
D:1:      minmay_arrival_four_houses
D:2:      lemuel_crystal_altar, st_stairs_9, dk_noncrumbling_2, uniq_jessica
D:3:      nicolae_overflow_crystal_walls, lemuel_crystal_altar

Skill      XL: |  1  2  3  4 |
---------------+-------------+-----
Maces & Flails | 3 4 |  4.0
Dodging        | 1 |  1.6
Armour         | 4 |  4.2
Fighting       | 4 |  4.3
Shields        | |  3.6

Action                   |  1- 3 |  4- 6 || total
-------------------------+-------+-------++-------
Melee: Flail             |    57 |    16 ||    73
       Headbutt          |     9 |     4 ||    13
  Use: Potion            |       |     4 ||     4
  Eat: Chunk             |     1 |       ||     1
Armor: Scale mail        |    20 |    15 ||    35
Dodge: Dodged            |    23 |     7 ||    30
Block: Shield            |    35 |     6 ||    41

Table legend:
 A = Spawn XP
 B = Non-spawn XP
 C = Spawn XP percentage of total XP
 D = Spawn monster count
 E = Non-spawn monster count
 F = Spawn count percentage of total count
 G = Total turns spent on level
                    A         B        C        D         E        F      G
               +---------+---------+-------+---------+---------+-------+---------
         Total |       0 |     127 |   0.0 |       0 |      33 |   0.0 |  1691
               +---------+---------+-------+---------+---------+-------+---------
           D:1 |       0 |      20 |   0.0 |       0 |      11 |   0.0 |   786
           D:2 |       0 |      87 |   0.0 |       0 |      15 |   0.0 |   879
           D:3 |       0 |      20 |   0.0 |       0 |       7 |   0.0 |    26
               +---------+---------+-------+---------+---------+-------+---------
